[Event "AUT Bundesliga Women 2020-21"]
[Site "Graz"]
[Date "2021.01.24"]
[Round "3.8"]
[White "Krassnitzer, Maria"]
[Black "Tscharnuter, Alexandra"]
[Result "1/2-1/2"]
[ECO "E21"]
[WhiteElo "1659"]
[BlackElo "1775"]
[Annotator "NA RC"]
[PlyCount "103"]
[EventDate "2021.01.17"]
[EventType "team-tourn"]
[EventCountry "AUT"]
[SourceTitle "playchess.com"]
[Source "ChessBase"]
[SourceQuality "1"]
[TimeControl "40/5400+30:1800+30"]

1. d4 Nf6 2. Nf3 e6 3. c4 b6 4. Nc3 Bb4 5. a3 Bxc3+ 6. bxc3 Bb7 7. Bg5 h6 8. Bh4 d6 9. e3 Nbd7 10. Be2 O-O 11. O-O Re8 12. Qc2 e5 13. Nd2 Qc8 14. a4 a5 15. Rfe1 Ba6 16. Bd3 Qb7 17. Ne4 Nxe4 18. Bxe4 c6 19. d5 Nc5 20. dxc6 Qc7 21. Bd5 Bc8 22. e4 Be6 23. f3 Kh8 24. Rab1 Rab8 25. Bf2 Rec8 26. Rb5 Ra8 27. Reb1 Rcb8 28. Bxc5 bxc5 29. Rb7 Rxb7 30. Rxb7 Qc8 31. Qb3 Kh7 32. Qb6 Qe8 33. Qb5 Qd8 34. c7 Qg5 35. Qb2 Rc8 36. Kf1 Qe3 37. Qc2 Qf4 38. h3 Qg5 39. Qd3 Qe7 40. Bxe6 fxe6 41. Rb6 Rxc7 42. Qxd6 Qg5 43. Qd3 Qe7 44. Rb5 Rd7 45. Qe3 Qd6 46. Rxc5 Qd1+ 47. Qe1 Qxa4 48. Kf2 Qc2+ 49. Kg3 Rd1 50. Qe3 Rd3 51. Qe1 Rd1 52. Qe3 1/2-1/2